cohdb
Replays
Latest Replays
All Replays
Popular Replays
Top Player Replays
Match Explorer
How It Works
Community
CoH3 Stats
Reddit
Sign in to upload your games and track your stats! →
Sign in with Steam
Match 35826451
Unlisted
Match 35826451
Overview
Messages
Build Orders
End
Construct Barracks
Selects Advanced Infantry Battlegroup
Riflemen Squad
1⁄4-ton 4x4 Truck
Riflemen Squad
M1 Mortar Team
Construct Weapon Support Center
Selects Convert to Ranger Squad
Infantry Support Center
M3 Armored Personnel Carrier
Advanced Logistics
Selects Frontline Medical Station
Frontline Medical Station
Engineer Squad
Riflemen Squad
Convert to Ranger Squad
.30 cal Machine Gun
Survival Training
Munitions Surplus
M1918 Browning Automatic Rifles
Grenade Package
Selects Infantry Assault
Infantry Assault
Engineer Squad
.30 cal Machine Gun
M3 Armored Personnel Carrier
Selects Ammunition Storage
大馋猫-player
Cen
宇智波斑(秽土转生·解
小明
MUMPets
Pocopo
/
matrix4x4
0
0
Comments
sign in to comment!
No comments posted yet!